| TOP OF THE 1ST |
|
Chicago (NYP) White Sox batting - Pitching for Aberdeen Ironbirds : LHP Ryan Watkins
|
|
Pitching: LHP Ryan Watkins
|
|
|
Batting: SHB Tomas Caldera
|
0-0: Called Strike 0-1: Ball 1-1: Ball 2-1: Foul Ball, location: 2F 2-2: Ball 3-2: Base on Balls
|
|
Batting: RHB Tyrell Camp
|
0-0: SINGLE (Groundball, 4MD, EV 102.5 MPH) Tomas Caldera to second Runner from 2nd tries for 3rd, SAFE, throw by CF made to third
|
|
Batting: SHB Veit Geisler
|
0-0: Called Strike 0-1: Ball 1-1: Ball 2-1: Foul Ball, location: 2F 2-2: Strikes out swinging
|
|
Batting: RHB Tony Garcia
|
0-0: Called Strike 0-1: Ball 1-1: SINGLE (Groundball, 56D, EV 110.6 MPH) Tomas Caldera scores Tyrell Camp to second
|
|
Batting: RHB Yorkis Saiki
|
0-0: 3-RUN HOME RUN (Flyball, 9LD, EV 91.9 MPH), Distance : 338 ft
|
|
Batting: SHB Noah Long
|
0-0: Ball 1-0: Ball 2-0: Ball 3-0: Called Strike 3-1: Called Strike 3-2: Base on Balls
|
|
Batting: RHB Kunimatsu Oya
|
0-0: Ball 1-0: Swinging Strike 1-1: Ball 2-1: Called Strike 2-2: Strikes out swinging
|
|
Batting: RHB Eduardo Calderon
|
0-0: Ball 1-0: SINGLE (Line Drive, 8RS, EV 110.6 MPH) Noah Long to second
|
|
Batting: RHB Bastiaan Leenders
|
0-0: SINGLE (Groundball, 3D, EV 108.1 MPH) Noah Long to third Eduardo Calderon to second Runner from 3rd tries for Home, SAFE, throw by RF to home
|
|
Pitching: RHP Jason Turley
|
|
|
Batting: SHB Tomas Caldera
|
0-0: Ground out 2-3 (Groundball, 15S, EV 66.2 MPH)
|
| Top of the 1st over - 5 runs, 5 hits, 0 errors, 2 left on base; Chicago (NYP) 5 - Aberdeen 0 |
| BOTTOM OF THE 1ST |
|
Aberdeen Ironbirds batting - Pitching for Chicago (NYP) White Sox : RHP Påske Olmqvist
|
|
Pitching: RHP Påske Olmqvist
|
|
|
Batting: RHB Kevin Popowicz
|
0-0: Ball 1-0: Ball 2-0: Foul Ball, location: 2F 2-1: Ball 3-1: SINGLE (Flyball, 8LS, EV 94.4 MPH)
|
|
Batting: RHB Maup Gommers
|
0-0: Called Strike 0-1: Foul Ball, location: 2F 0-2: Fly out, F3 (Popup, 34S, EV 68.1 MPH)
|
|
Batting: LHB Sam Williams
|
0-0: Called Strike 0-1: Fly out, F9 (Flyball, 9D, EV 104.4 MPH)
|
|
Batting: LHB Vinny Rivera
|
0-0: Called Strike 0-1: Ball 1-1: Foul Ball, location: 2F 1-2: Ball 2-2: Strikes out swinging
|
| Bottom of the 1st over - 0 runs, 1 hit, 0 errors, 1 left on base; Chicago (NYP) 5 - Aberdeen 0 |
| TOP OF THE 2ND |
|
Chicago (NYP) White Sox batting - Pitching for Aberdeen Ironbirds : RHP Jason Turley
|
|
Batting: RHB Tyrell Camp
|
0-0: Foul Ball, location: 2F 0-1: Foul Ball, location: 2F 0-2: Strikes out swinging
|
|
Batting: SHB Veit Geisler
|
0-0: Foul Ball, location: 2F 0-1: Foul Ball, location: 2F 0-2: Ball 1-2: Strikes out looking
|
|
Batting: RHB Tony Garcia
|
0-0: Called Strike 0-1: Swinging Strike 0-2: Ball 1-2: SINGLE (Groundball, 56D, EV 101.2 MPH)
|
|
Batting: RHB Yorkis Saiki
|
0-0: Foul Ball, location: 2F 0-1: Swinging Strike 0-2: Ball Wild Pitch! Tony Garcia to second 1-2: Strikes out swinging
|
| Top of the 2nd over - 0 runs, 1 hit, 0 errors, 1 left on base; Chicago (NYP) 5 - Aberdeen 0 |
| BOTTOM OF THE 2ND |
|
Aberdeen Ironbirds batting - Pitching for Chicago (NYP) White Sox : RHP Påske Olmqvist
|
|
Batting: RHB Wil Ochoa
|
0-0: Ball 1-0: Called Strike 1-1: Foul Ball, location: 2F 1-2: Strikes out looking
|
|
Batting: RHB Carlos Teniente
|
0-0: Ball 1-0: Ball 2-0: Ball 3-0: Base on Balls
|
|
Batting: LHB Jeremy Nuzzo
|
0-0: Ball 1-0: Fly out, F8 (Flyball, 78M, EV 85.0 MPH)
|
|
Batting: RHB Fernando Bravo
|
Pickoff Throw to First - Out! 1-3
|
| Bottom of the 2nd over - 0 runs, 0 hits, 0 errors, 0 left on base; Chicago (NYP) 5 - Aberdeen 0 |
| TOP OF THE 3RD |
|
Chicago (NYP) White Sox batting - Pitching for Aberdeen Ironbirds : RHP Jason Turley
|
|
Batting: SHB Noah Long
|
0-0: Ball 1-0: Ball 2-0: Ball 3-0: Base on Balls
|
|
Batting: RHB Kunimatsu Oya
|
0-0: Ball 1-0: Called Strike 1-1: Foul Ball, location: 2F 1-2: Ball 2-2: Strikes out swinging
|
|
Batting: RHB Eduardo Calderon
|
0-0: Called Strike 0-1: Swinging Strike 0-2: Strikes out looking
|
|
Batting: RHB Bastiaan Leenders
|
0-0: Called Strike 0-1: Ball 1-1: Foul Ball, location: 2F 1-2: Foul Ball, location: 2F 1-2: Ball 2-2: Fly out, F8 (Flyball, 8RM, EV 94.4 MPH)
|
| Top of the 3rd over - 0 runs, 0 hits, 0 errors, 1 left on base; Chicago (NYP) 5 - Aberdeen 0 |
| BOTTOM OF THE 3RD |
|
Aberdeen Ironbirds batting - Pitching for Chicago (NYP) White Sox : RHP Påske Olmqvist
|
|
Batting: RHB Fernando Bravo
|
0-0: Foul Ball, location: 2F 0-1: Ball 1-1: Ground out 2-3 (Groundball, 2R, EV 73.1 MPH)
|
|
Batting: RHB Juan Eyrich
|
0-0: Ball 1-0: Foul Ball, location: 2F 1-1: Called Strike 1-2: Ball 2-2: Strikes out swinging
|
|
Batting: RHB Kevin Popowicz
|
0-0: Foul Ball, location: 2F 0-1: Foul Ball, location: 2F 0-2: Ground out 6-3 (Groundball, 6, EV 91.2 MPH)
|
| Bottom of the 3rd over - 0 runs, 0 hits, 0 errors, 0 left on base; Chicago (NYP) 5 - Aberdeen 0 |
| TOP OF THE 4TH |
|
Chicago (NYP) White Sox batting - Pitching for Aberdeen Ironbirds : RHP Jason Turley
|
|
Batting: SHB Tomas Caldera
|
0-0: Called Strike 0-1: Swinging Strike 0-2: Ball 1-2: Ball 2-2: Ball 3-2: Fly out, F9 (Flyball, 89M, EV 81.9 MPH)
|
|
Batting: RHB Tyrell Camp
|
0-0: Ball 1-0: SINGLE (Flyball, 89S, EV 90.0 MPH)
|
|
Batting: SHB Veit Geisler
|
0-0: Called Strike 0-1: Ball 1-1: Called Strike 1-2: Ball 2-2: Strikes out swinging
|
|
Pitching: LHP Kyohei Koyama
|
|
|
Batting: RHB Tony Garcia
|
0-0: Ball 1-0: Ball 2-0: Ball 3-0: Base on Balls Tyrell Camp to second
|
|
Batting: RHB Yorkis Saiki
|
0-0: Foul Ball, location: 2F 0-1: Ball 1-1: SINGLE (Groundball, 4MD, EV 109.4 MPH) Tyrell Camp to third Tony Garcia to second Runner from 3rd tries for Home, SAFE, throw by CF to home
|
|
Batting: SHB Noah Long
|
0-0: Ball 1-0: Ball 2-0: Ball 3-0: Called Strike 3-1: Called Strike 3-2: Ground out 1-3 (Groundball, 13S, EV 70.0 MPH)
|
| Top of the 4th over - 1 run, 2 hits, 0 errors, 2 left on base; Chicago (NYP) 6 - Aberdeen 0 |
| BOTTOM OF THE 4TH |
|
Aberdeen Ironbirds batting - Pitching for Chicago (NYP) White Sox : RHP Påske Olmqvist
|
|
Batting: RHB Maup Gommers
|
0-0: Foul Ball, location: 2F 0-1: Ball 1-1: Ball 2-1: Foul Ball, location: 2F 2-2: Ball 3-2: SINGLE (Groundball, 34D, EV 107.5 MPH)
|
|
Batting: LHB Sam Williams
|
0-0: Ball 1-0: Ball 2-0: Swinging Strike 2-1: Ball 3-1: Base on Balls Maup Gommers to second
|
|
Batting: LHB Vinny Rivera
|
0-0: Ball 1-0: Fly out, F7 (Flyball, 7LM, EV 75.0 MPH)
|
|
Batting: RHB Wil Ochoa
|
0-0: Called Strike 0-1: Ball 1-1: Called Strike 1-2: Ball 2-2: Ball 3-2: Foul Ball, location: 2F 3-2: Foul Ball, location: 2F 3-2: Foul Ball, location: 2F 3-2: Strikes out swinging
|
|
Batting: RHB Carlos Teniente
|
0-0: Called Strike 0-1: Swinging Strike 0-2: Foul Ball, location: 2F 0-2: Foul Ball, location: 2F 0-2: SINGLE (Line Drive, 9S, EV 93.1 MPH) Maup Gommers to third Sam Williams to second Runner from 3rd tries for Home, SAFE, throw by RF to home
|
|
Batting: LHB Jeremy Nuzzo
|
0-0: Called Strike 0-1: Swinging Strike 0-2: Strikes out swinging
|
| Bottom of the 4th over - 1 run, 2 hits, 0 errors, 2 left on base; Chicago (NYP) 6 - Aberdeen 1 |
| TOP OF THE 5TH |
|
Chicago (NYP) White Sox batting - Pitching for Aberdeen Ironbirds : LHP Kyohei Koyama
|
|
Batting: RHB Kunimatsu Oya
|
0-0: Called Strike 0-1: Ball 1-1: Called Strike 1-2: Ball 2-2: Foul Ball, location: 2F 2-2: Strikes out looking
|
|
Batting: RHB Eduardo Calderon
|
0-0: Called Strike 0-1: Ball 1-1: Swinging Strike 1-2: Ball 2-2: Foul Ball, location: 2F 2-2: Foul Ball, location: 2F 2-2: Foul Ball, location: 2F 2-2: Ball 3-2: Ground out 5-3 (Groundball, 5, EV 80.6 MPH)
|
|
Batting: RHB Bastiaan Leenders
|
0-0: Ball 1-0: Called Strike 1-1: Foul Ball, location: 2F 1-2: SINGLE (Groundball, 6D, EV 94.4 MPH)
|
|
Batting: SHB Tomas Caldera
|
0-0: Ball Wild Pitch! Bastiaan Leenders to second 1-0: Swinging Strike 1-1: Ball 2-1: Ball 3-1: Called Strike 3-2: Ground out 3-1 (Groundball, 34S, EV 79.4 MPH)
|
| Top of the 5th over - 0 runs, 1 hit, 0 errors, 1 left on base; Chicago (NYP) 6 - Aberdeen 1 |
| BOTTOM OF THE 5TH |
|
Aberdeen Ironbirds batting - Pitching for Chicago (NYP) White Sox : RHP Påske Olmqvist
|
|
Batting: RHB Fernando Bravo
|
0-0: Called Strike 0-1: Ball 1-1: DOUBLE (Groundball, 5L, EV 105.6 MPH)
|
|
Batting: RHB Juan Eyrich
|
0-0: Ball 1-0: SINGLE (Groundball, 34D, EV 110.6 MPH) Fernando Bravo to third Runner from 3rd tries for Home, SAFE, throw by RF to home
|
|
Batting: RHB Kevin Popowicz
|
0-0: Foul Ball, location: 2F 0-1: Ball 1-1: Fly out, F7 (Flyball, 7D, EV 83.8 MPH)
|
|
Batting: RHB Maup Gommers
|
0-0: Called Strike 0-1: Foul Ball, location: 2F 0-2: Foul Ball, location: 2F 0-2: Ball 1-2: Foul Ball, location: 2F 1-2: Fielders Choice at 2nd, 5-4 (Groundball, 56S, EV 92.5 MPH)
|
|
Batting: LHB Sam Williams
|
0-0: Ball 1-0: DOUBLE (Line Drive, 9LD, EV 98.8 MPH) Maup Gommers to third Runner from 3rd tries for Home, throw by RF and OUT! 9-4-2
|
| Bottom of the 5th over - 1 run, 3 hits, 0 errors, 1 left on base; Chicago (NYP) 6 - Aberdeen 2 |
| TOP OF THE 6TH |
|
Chicago (NYP) White Sox batting - Pitching for Aberdeen Ironbirds : LHP Kyohei Koyama
|
|
Batting: RHB Tyrell Camp
|
0-0: Foul Ball, location: 2F 0-1: Ball 1-1: Foul Ball, location: 2F 1-2: Ball 2-2: Foul Ball, location: 2F 2-2: Ball 3-2: Base on Balls
|
|
Batting: SHB Veit Geisler
|
0-0: Ball 1-0: Grounds into double play, 5-4-3 (Groundball, 5S, EV 84.4 MPH)
|
|
Batting: RHB Tony Garcia
|
0-0: Foul Ball, location: 2F 0-1: Ball 1-1: Ground out 6-3 (Groundball, 6S, EV 85.6 MPH)
|
| Top of the 6th over - 0 runs, 0 hits, 0 errors, 0 left on base; Chicago (NYP) 6 - Aberdeen 2 |
| BOTTOM OF THE 6TH |
|
Aberdeen Ironbirds batting - Pitching for Chicago (NYP) White Sox : RHP Påske Olmqvist
|
|
Batting: LHB Vinny Rivera
|
0-0: Foul Ball, location: 2F 0-1: Foul Ball, location: 2F 0-2: Ball 1-2: Foul Ball, location: 2F 1-2: Ball 2-2: Fly out, F8 (Flyball, 8RD, EV 91.9 MPH)
|
|
Batting: RHB Wil Ochoa
|
0-0: Called Strike 0-1: Ground out 4-3 (Groundball, 4, EV 81.2 MPH)
|
|
Batting: RHB Carlos Teniente
|
0-0: Foul Ball, location: 2F 0-1: Called Strike 0-2: Ball 1-2: Ball 2-2: Fly out, F9 (Flyball, 9, EV 90.6 MPH)
|
| Bottom of the 6th over - 0 runs, 0 hits, 0 errors, 0 left on base; Chicago (NYP) 6 - Aberdeen 2 |
| TOP OF THE 7TH |
|
Chicago (NYP) White Sox batting - Pitching for Aberdeen Ironbirds : LHP Kyohei Koyama
|
|
Batting: RHB Yorkis Saiki
|
0-0: Ball 1-0: Called Strike 1-1: Foul Ball, location: 2F 1-2: Foul Ball, location: 2F 1-2: Ground out 6-3 (Groundball, 6, EV 86.2 MPH)
|
|
Batting: SHB Noah Long
|
0-0: Called Strike 0-1: Ground out 6-3 (Groundball, 6, EV 84.4 MPH)
|
|
Batting: RHB Kunimatsu Oya
|
0-0: Ball 1-0: Ball 2-0: Ball 3-0: Called Strike 3-1: Foul Ball, location: 2F 3-2: Strikes out swinging
|
| Top of the 7th over - 0 runs, 0 hits, 0 errors, 0 left on base; Chicago (NYP) 6 - Aberdeen 2 |
| BOTTOM OF THE 7TH |
|
Aberdeen Ironbirds batting - Pitching for Chicago (NYP) White Sox : RHP Påske Olmqvist
|
|
Batting: LHB Jeremy Nuzzo
|
0-0: Called Strike 0-1: Ground out 6-3 (Groundball, P, EV 87.5 MPH)
|
|
Batting: RHB Fernando Bravo
|
0-0: Ground out 6-3 (Groundball, 6, EV 99.4 MPH)
|
|
Batting: RHB Juan Eyrich
|
0-0: SINGLE (Flyball, 3D, EV 82.5 MPH)
|
|
Batting: RHB Kevin Popowicz
|
0-0: Ball 1-0: Ball 2-0: Called Strike 2-1: Foul Ball, location: 2F 2-2: Strikes out swinging
|
| Bottom of the 7th over - 0 runs, 1 hit, 0 errors, 1 left on base; Chicago (NYP) 6 - Aberdeen 2 |
| TOP OF THE 8TH |
|
Chicago (NYP) White Sox batting - Pitching for Aberdeen Ironbirds : LHP Kyohei Koyama
|
|
Pitching: RHP Mark Lloyd
|
|
|
Batting: RHB Eduardo Calderon
|
0-0: Ball 1-0: Foul Ball, location: 2F 1-1: SINGLE (Groundball, 6MD, EV 95.6 MPH)
|
|
Batting: RHB Bastiaan Leenders
|
0-0: Ball 1-0: Ball 2-0: Bunted foul 2-1: Bunted foul 2-2: Ball 3-2: SINGLE (Line Drive, 89S, EV 108.1 MPH) Eduardo Calderon to second
|
|
Batting: SHB Tomas Caldera
|
0-0: Sac Bunt to 25 - play at first, batter OUT! 5-3 Eduardo Calderon to third Bastiaan Leenders to second
|
|
Batting: RHB Tyrell Camp
|
0-0: Foul Ball, location: 2F 0-1: Ball 1-1: Fly out, F4 (Popup, 34, EV 80.6 MPH)
|
|
Batting: SHB Veit Geisler
|
0-0: Swinging Strike 0-1: Ball 1-1: Foul Ball, location: 2F 1-2: SINGLE (Groundball, 4MD, EV 95.6 MPH) Eduardo Calderon scores Bastiaan Leenders to third Runner from 3rd tries for Home, SAFE, throw by CF to home
|
|
Batting: RHB Tony Garcia
|
0-0: Foul Ball, location: 2F 0-1: SINGLE (Groundball, 4MD, EV 83.8 MPH) (infield hit) Veit Geisler to second
|
|
Batting: RHB Yorkis Saiki
|
0-0: Ball 1-0: Ball 2-0: Fly out, F9 (Flyball, 9, EV 85.6 MPH)
|
| Top of the 8th over - 2 runs, 4 hits, 0 errors, 2 left on base; Chicago (NYP) 8 - Aberdeen 2 |
| BOTTOM OF THE 8TH |
|
Aberdeen Ironbirds batting - Pitching for Chicago (NYP) White Sox : RHP Påske Olmqvist
|
|
Batting: RHB Maup Gommers
|
0-0: Swinging Strike 0-1: Swinging Strike 0-2: Ball 1-2: Strikes out swinging
|
|
Pitching: RHP Shuuhei Watanabe
|
|
|
Batting: LHB Sam Williams
|
0-0: Swinging Strike 0-1: Ground out 5-3 (Groundball, 56, EV 86.2 MPH)
|
|
Batting: LHB Vinny Rivera
|
0-0: Called Strike 0-1: Swinging Strike 0-2: SINGLE (Line Drive, 7S, EV 93.1 MPH)
|
|
Batting: RHB Wil Ochoa
|
0-0: Ground out 4-3 (Groundball, 34S, EV 84.4 MPH)
|
| Bottom of the 8th over - 0 runs, 1 hit, 0 errors, 1 left on base; Chicago (NYP) 8 - Aberdeen 2 |
| TOP OF THE 9TH |
|
Chicago (NYP) White Sox batting - Pitching for Aberdeen Ironbirds : RHP Mark Lloyd
|
|
Batting: SHB Noah Long
|
0-0: Ball 1-0: Ball 2-0: Foul Ball, location: 2F 2-1: Ball 3-1: Foul Ball, location: 2F 3-2: Strikes out swinging
|
|
Batting: RHB Kunimatsu Oya
|
0-0: Swinging Strike 0-1: Swinging Strike 0-2: Ball 1-2: Strikes out looking
|
|
Batting: RHB Eduardo Calderon
|
0-0: Ball 1-0: Called Strike 1-1: Foul Ball, location: 2F 1-2: Ball 2-2: Strikes out swinging
|
| Top of the 9th over - 0 runs, 0 hits, 0 errors, 0 left on base; Chicago (NYP) 8 - Aberdeen 2 |
| BOTTOM OF THE 9TH |
|
Aberdeen Ironbirds batting - Pitching for Chicago (NYP) White Sox : RHP Shuuhei Watanabe
|
|
Batting: RHB Carlos Teniente
|
0-0: Called Strike 0-1: Ball 1-1: Ground out 6-3 (Groundball, 6, EV 104.4 MPH)
|
|
Batting: LHB Jeremy Nuzzo
|
0-0: DOUBLE (Line Drive, 7LM, EV 103.1 MPH)
|
|
Batting: RHB Fernando Bravo
|
0-0: Ground out 6-3 (Groundball, 6, EV 86.2 MPH)
|
|
Pinch Hitting: LHB Pat Fontana
|
0-0: Ball 1-0: Ball 2-0: Called Strike 2-1: Called Strike 2-2: Ball 3-2: Base on Balls
|
|
Batting: RHB Kevin Popowicz
|
0-0: Ball 1-0: Ball 2-0: Called Strike 2-1: Swinging Strike 2-2: Strikes out swinging
|
| Bottom of the 9th over - 0 runs, 1 hit, 0 errors, 2 left on base; Chicago (NYP) 8 - Aberdeen 2 |
|